 Dungeon Crawl Stone Soup version 0.26-a0-1058-g8dc6ce00ff (webtiles) character file.

Game seed: 6225854881406584396

13061 Morbidden the Carver (level 12, -5/94 HPs)
             Began as a Vine Stalker Fighter on Dec 13, 2020.
             Was an Elder of Vehumet.
             Slain by Jorgrun
             ... wielding a +0 vorpal quarterstaff
              (7 damage)
             ... while petrified by Jorgrun
             ... on level 12 of the Dungeon.
             The game lasted 00:17:22 (9870 turns).

Morbidden the Carver (Vine Stalker Fighter)         Turns: 9870, Time: 00:17:23

Health: -5/94      AC: 12    Str: 20    XL:     12   Next: 2%
Magic:  0/31       EV: -1    Int: 12    God:    Vehumet [****..]
Gold:   718        SH:  0    Dex: 14    Spells: 14/23 levels left

rFire    . . .     SeeInvis .   F - +9 sword of Zonguldrok {reap}
rCold    . . .     Faith    .   c - +0 kite shield
rNeg     + + +     Spirit   +   L - +0 acid dragon scales
rPois    ∞         Reflect  +   j - +0 helmet
rElec    .         Harm     .   (no cloak)
rCorr    +         Rampage  .   I - +2 pair of gloves
Will     +....                  B - +0 pair of boots
Stlth    ..........             M - amulet of reflection
HPRegen  1.05/turn              r - ring of magical power
MPRegen  0.22/turn              w - +4 ring of evasion

@: berserking (expiring), petrified, grasped by roots, constricted
A: fangs 3, regeneration 2, magic shield, antimagic bite, no potion heal 3, rot
immunity
a: Renounce Religion


You were on level 12 of the Dungeon.
You worshipped Vehumet.
Vehumet was greatly pleased with you.
You visited 1 branch of the dungeon, and saw 12 of its levels.
You also visited: Ossuary.

You collected 718 gold pieces.

Inventory:

Hand Weapons
 F - the +9 sword of Zonguldrok (weapon) {reap}
   (You found it on level 5 of the Dungeon)

   If a monster killed with it leaves a corpse in good enough shape, the corpse
   is reanimated as a zombie friendly to the killer.
Missiles
 u - 57 poisoned darts (quivered)
Armour
 c - a +0 kite shield (worn)
 j - a +0 helmet (worn)
 B - a +0 pair of boots (worn)
 I - a +2 pair of gloves (worn)
 L - +0 acid dragon scales (worn)
Jewellery
 n - an uncursed ring of ice
 r - a ring of magical power (left hand)
 w - a +4 ring of evasion (right hand)
 A - an uncursed ring of flight
 J - an uncursed ring of poison resistance
 M - an amulet of reflection (around neck)
 Q - an uncursed ring of resist corrosion
 R - a +4 ring of protection
Wands
 q - a wand of iceblast (28)
 t - a wand of random effects (26)
 H - a wand of flame (31)
 N - a wand of polymorph (18)
 S - a wand of paralysis (3)
Scrolls
 a - a scroll of vulnerability {unknown}
 b - 3 scrolls of immolation {unknown}
 f - 10 scrolls of remove curse
 h - 6 scrolls of teleportation
 i - 5 scrolls of identify
 m - 7 scrolls of fear {unknown}
 o - 4 scrolls of amnesia {unknown}
 x - 2 scrolls of enchant armour
 y - 2 scrolls of enchant weapon {unknown}
 D - 2 scrolls of fog {unknown}
Potions
 d - 3 potions of might
 e - 4 potions of flight {unknown}
 g - 5 potions of brilliance {unknown}
 k - a potion of magic {unknown}
 l - 9 potions of curing {unknown}
 p - a potion of resistance {unknown}
 s - 2 potions of mutation {unknown}
 v - 3 potions of heal wounds {unknown}
 z - 2 potions of lignification {unknown}
 C - 3 potions of invisibility {unknown}
 E - a potion of attraction {unknown}
 G - 3 potions of haste {unknown}
 O - a potion of cancellation {unknown}
 P - a potion of ambrosia {unknown}


   Skills:
 * Level 7.1 Fighting
 * Level 9.7 Long Blades
 + Level 0.1 Throwing
 + Level 4.6 Armour
 * Level 4.4 Dodging
 + Level 2.0 Stealth
 + Level 5.4 Shields
 * Level 6.0 Spellcasting
 * Level 5.7 Conjurations
 * Level 4.7 Translocations
 + Level 3.0 Fire Magic
 * Level 3.2 Air Magic


You had 14 spell levels left.
You knew the following spells:

 Your Spells              Type           Power        Failure   Level
a - Foxfire               Conj/Fire      ##..         3%          1
b - Iskenderun's Mystic   Conj/Tloc      ###.....     22%         4
c - Airstrike             Air            ##........   45%         4

Your spell library contained the following spells:

 Spells                   Type           Power        Failure   Level
 Fulminant Prism          Conj/Hex       ##........   50%         4
 Shock                    Conj/Air       ##..         3%          1
 Static Discharge         Conj/Air       ##......     11%         3
 Swiftness                Air            ##......     30%         2
 Lightning Bolt           Conj/Air       ##........   61%         5


Dungeon Overview and Level Annotations

Branches:
Dungeon (12/15)            Temple (0/1) D:4            Lair (0/6) D:9
    Orc (0/2) D:9         Ossuary (visited)

Altars:
Ashenzari
Cheibriados
Gozag
Makhleb
Okawaru
Qazlal
Ru
Vehumet
Wu Jian
Xom
Yredelemnul
Zin
The Shining One

Shops:
D:9 (

Annotations:
D:5 1 runed translucent door, rlgrobin's ghost, weakling KoDe
D:7 1 runed translucent door, Crazy Yiuf
D:11 3 runed translucent doors, confidenceinterval's ghost, journeyman GnTm
D:12 Jorgrun


Innate Abilities, Weirdness & Mutations

You have razor-sharp teeth.
You heal very quickly.
When hurt, damage is shared between your health and your magic reserves.
Your bite disrupts and absorbs the magic of your enemies.
Potions cannot restore your health.
You are immune to rotting.


Message History

You closely miss Jorgrun. You bite Jorgrun.
Jorgrun's magic leaks into the air.
You drain his magic.
You feel invigorated.
Jorgrun is severely wounded.
Jorgrun hits you with a +0 vorpal quarterstaff.
* * * LOW HITPOINT WARNING * * *
x2 The grasping roots constrict you!
Your limbs are stiffening.
You slice Jorgrun!! Your bite misses Jorgrun.
Jorgrun is almost dead.
Jorgrun hits you with a +0 vorpal quarterstaff!
* * * LOW HITPOINT WARNING * * *
x3 The grasping roots constrict you!
You have turned to stone.
Jorgrun falters for a moment.
* * * LOW HITPOINT WARNING * * *
The grasping roots constrict you!! Jorgrun hits you but does no damage.
* * * LOW HITPOINT WARNING * * *
The grasping roots constrict you!
Jorgrun hits you with a +0 vorpal quarterstaff!
* * * LOW HITPOINT WARNING * * *
You die...

#..#...#..# #..#...#..#
#########..#..)#..## ##
#...........#.#..... ...
#............#......
....###...###...#.#...##
......)#.#...#.#...#.#..
........#.....#.....#...
....#..@.#...#.#...#(#..
. ##g...###...#.#...##
#..(.........#......
#...........#.#..)..
.########..#...#..## ..
#..#...#..# .$.
#..#...#..# ###
#...#.#...# #....#....#


You could see Jorgrun.

Vanquished Creatures
  A boulder beetle (D:8)
  A two-headed ogre (D:10)
  2 unseen horrors
  Pikel (D:5)
  An ugly thing (D:12)
  A cyclops (D:12)
  An elephant (D:9)
  A gargoyle (D:12)
  A kobold demonologist (D:9)
  3 trolls
  2 wyverns
  Sigmund (D:5)
  5 yaks (D:9)
  Eustachio (D:5)
  A basilisk (D:9)
  Grum (D:8)
  A vampire mosquito (D:8)
  Edmund (D:4)
  An acid dragon (D:8)
  A black bear (shapeshifter) (D:12)
  5 black bears
  2 orc warriors
  An ice beast (D:10)
  2 phantoms
  2 sky beasts
  An ogre (D:8)
  2 wolves (D:8)
  A lemure (D:5)
  2 centaurs
  17 big kobolds
  2 elf zombies (Ossuary)
  5 bullfrogs
  3 scorpions
  6 killer bees (D:11)
  8 wights
  7 howler monkeys
  4 crimson imps (D:4)
  A bullfrog zombie (D:6)
  5 hounds
  A quasit (D:7)
  2 orc priests (D:10)
  5 jellies
  A bullfrog skeleton (D:5)
  A centaur skeleton (D:8)
  3 human zombies (Ossuary)
  5 orc wizards
  Jessica (D:2)
  4 iguanas
  Ijyb (D:2)
  Natasha (twice) (D:4)
  Terence (D:2)
  10 worker ants
  3 mummies
  A hound zombie (D:9)
  A worker ant zombie (D:4)
  12 gnolls
  10 adders
  4 shadow imps
  2 white imps
  2 ufetubi
  An ooze (D:1)
  An adder zombie (Ossuary)
  3 adder skeletons
  6 worms
  A dart slug (D:2)
  2 leopard geckos
  14 orcs
  3 giant cockroaches
  5 goblins
  8 hobgoblins
  7 jackals
  4 quokkas
  3 ball pythons
  4 bats
  5 frilled lizards
  11 hobgoblin zombies (Ossuary)
  4 jackal zombies (Ossuary)
  27 kobolds
  8 kobold zombies (Ossuary)
  3 leopard gecko zombies
  7 orc zombies (Ossuary)
  A quokka skeleton (D:4)
  12 rats
  A rat zombie (Ossuary)
317 creatures vanquished.

Vanquished Creatures (collateral kills)
  An iguana (D:5)
  An orc (D:8)
2 creatures vanquished.

Vanquished Creatures (others)
  An orc (D:4)
  A kobold (D:10)
  48 foxfires
  A fungus (D:9)
51 creatures vanquished.

Grand Total: 370 creatures vanquished

Notes
Turn   | Place    | Note
-------+----------+-------------------------------------------
     0 | D:1      | Morbidden the Vine Stalker Fighter began the quest for the
                  | Orb.
     0 | D:1      | Reached XP level 1. HP: 11/11 MP: 2/2
   154 | D:1      | Reached XP level 2. HP: 15/16 MP: 1/3
   498 | D:1      | Reached skill level 2 in Long Blades
   831 | D:1      | Reached XP level 3. HP: 20/20 MP: 4/4
   913 | D:2      | Noticed Jessica
   914 | D:2      | Noticed Terence
   917 | D:2      | Killed Jessica
   926 | D:2      | Killed Terence
   927 | D:2      | Reached skill level 1 in Spellcasting
   927 | D:2      | Gained mutation: Your natural rate of healing is unusually
                  | fast. [Vine Stalker growth]
   927 | D:2      | Reached XP level 4. HP: 20/24 MP: 6/6
   998 | D:2      | Found a radiant altar of Vehumet.
  1040 | D:2      | Became a worshipper of Vehumet
  1246 | D:2      | You fall into a shaft and drop 1 floor!
  1553 | D:3      | Found a faded altar of an unknown god.
  1594 | D:3      | Reached skill level 1 in Dodging
  1706 | D:3      | Reached XP level 5. HP: 28/28 MP: 7/7
  1847 | D:3      | Noticed Ijyb
  1883 | D:2      | Killed Ijyb
  2230 | D:2      | Found a glowing golden altar of the Shining One.
  2375 | D:2      | Found a basalt altar of Yredelemnul.
  2377 | D:2      | Noticed a profane servitor
  2803 | D:2      | Noticed an angel
  3014 | D:4      | Reached XP level 6. HP: 33/33 MP: 9/9
  3014 | D:4      | Noticed Natasha
  3020 | D:4      | Killed Natasha
  3021 | D:4      | Reached skill level 3 in Long Blades
  3028 | D:4      | Reached * piety under Vehumet
  3028 | D:4      | Offered knowledge of Foxfire by Vehumet.
  3049 | D:4      | Found a shimmering altar of Xom.
  3064 | D:4      | Reached XP level 7. HP: 37/37 MP: 11/11
  3067 | D:4      | Learned a level 1 spell: Foxfire
  3137 | D:4      | Found a sand-covered staircase.
  3146 | Ossuary  | Entered an ossuary
  3185 | Ossuary  | Reached ** piety under Vehumet
  3188 | Ossuary  | Offered knowledge of Sandblast by Vehumet.
  3339 | Ossuary  | Reached skill level 1 in Conjurations
  3339 | Ossuary  | Reached skill level 1 in Fire Magic
  3344 | Ossuary  | Offered knowledge of Frozen Ramparts by Vehumet.
  3345 | Ossuary  | Reached skill level 4 in Long Blades
  3506 | D:4      | Found a staircase to the Ecumenical Temple.
  3523 | D:4      | Noticed Natasha
  3569 | D:4      | Reached *** piety under Vehumet
  3669 | D:4      | Killed Natasha
  3670 | D:4      | Gained mutation: You have razor-sharp teeth. [Vine Stalker
                  | growth]
  3670 | D:4      | Reached XP level 8. HP: 42/42 MP: 13/13
  3719 | D:4      | Noticed Edmund
  3735 | D:4      | Killed Edmund
  3886 | D:5      | Entered Level 5 of the Dungeon
  3889 | D:5      | Noticed rlgrobin's ghost (weakling KoDe)
  3891 | D:5      | Found a runed translucent door.
  3927 | D:5      | Noticed Sigmund
  3978 | D:5      | Killed Sigmund
  4044 | D:5      | Noticed Eustachio
  4058 | D:5      | Killed Eustachio
  4081 | D:5      | Found the +9 sword of Zonguldrok {reap}
  4100 | D:5      | Found an iron altar of Okawaru.
  4130 | D:5      | Noticed Pikel
  4142 | D:5      | Killed Pikel
  4143 | D:5      | Reached skill level 5 in Long Blades
  4143 | D:5      | Reached XP level 9. HP: 24/46 MP: 12/15
  4375 | D:5      | Found a sacrificial altar of Ru.
  4376 | D:5      | Offered knowledge of Iskenderun's Mystic Blast by Vehumet.
  4387 | D:5      | Reached skill level 6 in Long Blades
  4580 | D:6      | Found a stormy altar of Qazlal.
  4604 | D:6      | Reached skill level 5 in Fighting
  4643 | D:6      | Noticed a blizzard demon
  4644 | D:6      | Found a burning altar of Makhleb.
  4647 | D:6      | Found a glowing silver altar of Zin.
  4647 | D:6      | Noticed an angel
  4824 | D:6      | Found an ornate altar of the Wu Jian Council.
  4988 | D:6      | Found a broken altar of Ashenzari.
  5282 | D:6      | Found a sacrificial altar of Ru.
  5375 | D:7      | Found a snail-covered altar of Cheibriados.
  5637 | D:7      | Learned a level 4 spell: Iskenderun's Mystic Blast
  5801 | D:7      | Reached skill level 1 in Translocations
  5852 | D:7      | Found an opulent altar of Gozag.
  5872 | D:7      | Reached **** piety under Vehumet
  6252 | D:7      | Found a runed translucent door.
  6253 | D:7      | Noticed Crazy Yiuf
  6504 | D:8      | Found a large runed translucent door.
  6504 | D:8      | Found a large runed translucent door.
  6680 | D:8      | Learned a level 4 spell: Airstrike
  6693 | D:8      | Offered knowledge of Irradiate by Vehumet.
  6703 | D:8      | Reached skill level 7 in Long Blades
  6703 | D:8      | Reached XP level 10. HP: 51/51 MP: 17/17
  6970 | D:8      | Noticed Grum
  6975 | D:8      | Killed Grum
  7244 | D:8      | Found a burning altar of Makhleb.
  7277 | D:8      | Killed an unseen horror
  7325 | D:8      | Found a broken altar of Ashenzari.
  7325 | D:8      | Noticed a boulder beetle
  7339 | D:8      | Killed a boulder beetle
  7340 | D:8      | Reached skill level 8 in Long Blades
  7340 | D:8      | Reached skill level 1 in Air Magic
  7393 | D:9      | Found a staircase to the Lair.
  7393 | D:9      | Noticed an elephant
  7407 | D:9      | Found a staircase to the Orcish Mines.
  7422 | D:9      | Killed an elephant
  7423 | D:9      | Reached skill level 1 in Stealth
  7454 | D:9      | Reached skill level 5 in Spellcasting
  7657 | D:9      | Reached XP level 11. HP: 58/58 MP: 19/19
  7913 | D:9      | Found Nupn's Antique Weapon Shoppe.
  8056 | D:9      | Reached ***** piety under Vehumet
  8075 | D:9      | Offered knowledge of Hailstorm by Vehumet.
  8109 | D:9      | Reached skill level 9 in Long Blades
  8217 | D:10     | Entered Level 10 of the Dungeon
  8241 | D:10     | Reached skill level 5 in Shields
  8286 | D:10     | Noticed a two-headed ogre
  8301 | D:10     | Killed a two-headed ogre
  8302 | D:10     | Reached skill level 5 in Conjurations
  8694 | D:10     | Killed an unseen horror
  9176 | D:11     | Noticed confidenceinterval's ghost (journeyman GnTm)
  9177 | D:11     | Noticed a minotaur
  9346 | D:11     | Found a runed translucent gate.
  9346 | D:11     | Found a runed translucent gate.
  9347 | D:11     | Found a runed translucent gate.
  9564 | D:12     | Offered knowledge of Fulminant Prism by Vehumet.
  9740 | D:12     | Noticed a cyclops
  9743 | D:12     | Killed a cyclops
  9768 | D:12     | Noticed a red ugly thing
  9777 | D:12     | Killed a red ugly thing
  9778 | D:12     | Gained mutation: You heal very quickly. [Vine Stalker
                  | growth]
  9778 | D:12     | Reached XP level 12. HP: 47/63 MP: 22/22
  9848 | D:12     | Noticed Jorgrun
  9870 | D:12     | HP: 2/94 [Jorgrun/+0 vorpal quarterstaff (4)]
  9870 | D:12     | Slain by Jorgrun

Illustrated notes

Levels and vault maps discovered:
D:1:      psy_arrival_spokes, layout_basic
D:2:      minmay_general_purpose_star, layout_loops_corners,
          grunt_temple_overflow_holy_war, fiery_altar_vehumet,
          minmay_stone_trees_medium, uniq_jessica, uniq_terence
D:3:      layout_basic, chequers_ecumenical_altar_simple, uniq_ijyb
D:4:      layout_rooms, led_xom_imps, minmay_temple_entry_statues_fountains,
          nicolae_ossuary_entry_plus, uniq_natasha, uniq_edmund
D:5:      layout_basic, old_standard_altar, gammafunk_ghost_grave,
          minmay_ruined_shrine, uniq_pikel, uniq_eustachio, uniq_sigmund
D:6:      layout_basic, grunt_temple_overflow_order_and_chaos_2,
          kennysheep_mini_moat, nicolae_qazlal_style_of_elements,
          nicolae_overflow_hidden_temple, nicolae_ru_path_of_blood
D:7:      layout_loops_corners, slow_altar_1, serial_co_window_serial,
          co_window_paths_a, co_window_paths_a, co_window_paths_b,
          co_window_paths_a, co_window_of_opportunity_a, co_window_paths_b,
          co_window_paths_b, co_window_paths_b, co_window_paths_b,
          co_window_broadway_c, co_window_unsneaky_path_e, co_window_broadway_b,
          glass_columns_a, nicolae_gozag_cash_rules_everything_around_me,
          uniq_crazy_yiuf_cottage
D:8:      layout_loops_ring, jmf_multi_god_temple2, uniq_grum
D:9:      layout_loops_cross, david_lair_generic, orc_0_dummy, special_room
          [special_room_kobold], serial_shops, shop
D:10:     layout_irregular_city
D:11:     layout_gridville, maelrawn_ghost_gauntlet_escape
D:12:     layout_basic, nicolae_twisting_strands, uniq_jorgrun

Skill      XL: |  1  2  3  4  5  6  7  8  9 10 11 |
---------------+----------------------------------+-----
Fighting       | 3 4 5 6 7 |  7.1
Long Blades    | 2 3 4 5 7 8 9 |  9.7
Shields        | 3 4 5 |  5.4
Spellcasting   | 1 2 3 4 5 6 |  6.0
Dodging        | 1 2 3 4 |  4.4
Armour         | 3 4 |  4.6
Conjurations   | 1 2 4 5 |  5.7
Fire Magic     | 1 2 3 |  3.0
Translocations | 1 3 4 |  4.7
Air Magic      | 1 3 |  3.2
Stealth        | 1 2 |  2.0
Throwing       | |  0.1

Action                   |  1- 3 |  4- 6 |  7- 9 | 10-12 || total
-------------------------+-------+-------+-------+-------++-------
Melee: Long sword        |    60 |   183 |   211 |       ||   454
       Bite              |    11 |    53 |   113 |   109 ||   286
       Double sword      |       |       |   126 |   321 ||   447
Throw: Dart              |       |       |       |     2 ||     2
 Cast: Foxfire           |       |       |       |    32 ||    32
Evoke: Wand              |       |     2 |     1 |       ||     3
  Use: Scroll            |       |     4 |     3 |     5 ||    12
       Potion            |       |       |       |     1 ||     1
 Stab: Distracted        |       |       |       |     1 ||     1
Armor: Scale mail        |    26 |    54 |   110 |       ||   190
       Acid dragon scale |       |       |     2 |    85 ||    87
Dodge: Dodged            |     8 |    81 |   182 |   193 ||   464
Block: Kite shield       |    30 |    80 |   207 |   298 ||   615
       Reflection        |       |       |       |    21 ||    21
       Rpst.: Long sword |     1 |    25 |    40 |       ||    66
       Double sword      |       |       |    17 |    53 ||    70

Table legend: (Time is in decaauts)
 A = Elapsed time spent in this place.
 B = Non-inter-level travel time spent in this place.
 C = Inter-level travel time spent in this place.
 D = Time resting spent in this place.
 E = Time spent auto-exploring this place.
 F = Levels seen in this place.
 G = Mean time per level.
                   A        B        C        D        E       F      G
               +--------+--------+--------+--------+--------+-----+--------+
         Total |  10098 |   9833 |    265 |    311 |   7274 |  13 |  776.8 |
       Dungeon |   9732 |   9467 |    265 |    311 |   7139 |  12 |  811.0 |
       Ossuary |    366 |    366 |      0 |      0 |    135 |   1 |  366.0 |
               +--------+--------+--------+--------+--------+-----+--------+

Top non-repeatable levels by time:
     D:2: 1332 daAuts
     D:7: 1182 daAuts
     D:1: 932 daAuts
     D:8: 905 daAuts
    D:10: 857 daAuts
     D:9: 855 daAuts
     D:3: 815 daAuts
     D:6: 772 daAuts
     D:5: 671 daAuts
     D:4: 597 daAuts
    D:11: 457 daAuts
 Ossuary: 366 daAuts
    D:12: 352 daAuts
